cohdb
Replays
Latest Replays
All Replays
Popular Replays
Top Player Replays
Match Explorer
How It Works
Community
CoH3 Stats
Reddit
Sign in to upload your games and track your stats! →
Sign in with Steam
Match 42706714
Unlisted
Match 42706714
Overview
Messages
Build Orders
End
Kradschützen Motorcycle Team
Panzergrenadier Squad
250 Light Carrier
Construct Light Support Kompanie
MG34 Team
Fire Support Elements
MG34 Team
Assault Mechanized Group
Flakvierling Half-track
Construct Mechanized Kompanie
Vehicle Survival Package
Marder III Tank Destroyer
le.IG 18 Mechanized Group
StuG III D Assault Gun
Marder III Tank Destroyer
Advanced Field Repairs
254 Reconnaissance Tractor
Selects Armored Support Battlegroup
Selects Armored Support Battlegroup
Selects Salvage Kits
Selects Panzer Storm
Selects Stuka Anti-tank Loiter
Stuka Anti-tank Loiter
Panzerjäger Mechanized Group
18-tonne Recovery Half-track
Brother
The Major General
0
0
Comments
sign in to comment!
No comments posted yet!